 Dungeon Crawl Stone Soup version 0.29.1-1-gd02db6906a (webtiles) character file.

Game seed: 5007285627031342393

45 themarg the Caller (level 3, -1/23 (24) HPs)
             Began as a Merfolk Summoner on Sept 19, 2022.
             Slain by Crazy Yiuf
             ... wielding a +3 quarterstaff of chaos
              (12 damage)
             ... on level 3 of the Dungeon.
             The game lasted 00:14:05 (2969 turns).

themarg the Caller (Merfolk Summoner)               Turns: 2969, Time: 00:14:06

HP:   -1/23 (24)    AC:  2    Str:  8    XL:     3   Next: 64%
MP:   0/6           EV: 13    Int: 16    God:
Gold: 112           SH:  0    Dex: 14    Spells: 2/6 levels left

rFire   . . .      SeeInvis .   i - +0 spear
rCold   . . .      Faith    .   (no shield)
rNeg    . . .      Spirit   .   a - +0 robe
rPois   +          Reflect  .   (no helmet)
rElec   .          Harm     .   (no cloak)
rCorr   .          Rampage  .   (no gloves)
Will    .....                   (no boots)
Stlth   ++........              (no amulet)
HPRegen 0.07/turn               d - ring of poison resistance
MPRegen 0.10/turn               (no ring)

@: lightly drained
A: (nimble swimmer 2), mertail
a: no special abilities


You were on level 3 of the Dungeon.
You visited 1 branch of the dungeon, and saw 3 of its levels.

You collected 112 gold pieces.

Inventory:

Hand Weapons
 i - a +0 spear (weapon)
Armour
 a - a +0 robe (worn)
Jewellery
 d - a ring of poison resistance (left hand)
 l - a +6 ring of intelligence
Scrolls
 e - a scroll of identify {unknown}
 g - a scroll of brand weapon {unknown}
 h - a scroll of enchant weapon {unknown}
 k - 2 scrolls of enchant armour {unknown}
Potions
 b - a potion of magic
 c - a potion of might {unknown}
 f - a potion of brilliance {unknown}
 j - 3 potions of curing {unknown}


   Skills:
 + Level 3.4 Dodging
 + Level 2.9 Stealth
 + Level 2.4 Spellcasting
 + Level 4.3 Summonings


You had 2 spell levels left.
You knew the following spells:

 Your Spells              Type           Power      Damage    Failure   Level
a - Summon Small Mammal   Summ           60%        N/A       3%          1
b - Call Canine Familiar  Summ           15%        N/A       10%         3

Your spell library contained the following spells:

 Spells                   Type           Power      Damage    Failure   Level
 Call Imp                 Summ           15%        N/A       4%          2
 Beastly Appendage        Tmut           2%         N/A       21%         1
 Sublimation of Blood     Necr           1%         N/A       30%         2
 Wereblood                Tmut           1%         N/A       30%         2
 Summon Guardian Golem    Hex/Summ       8%         N/A       24%         3
 Spider Form              Tmut/Pois      1%         N/A       52%         3
 Summon Lightning Spire   Summ/Air       8%         N/A       63%         4
 Summon Hydra             Summ           7%         N/A       100%        7


Dungeon Overview and Level Annotations

Branches:
Dungeon (3/15)

Altars:
Makhleb

Shops:
D:2 :

Annotations:
D:3 Crazy Yiuf


Innate Abilities, Weirdness & Mutations

((You are very nimble when in or above water. (Stealth+, EV+, Speed+++)))
Your lower body shifts to a powerful aquatic tail in water.


Message History

Your hound bites Crazy Yiuf but does no damage.
Crazy Yiuf hits your hound with a +3 quarterstaff of chaos.
Your hound bites Crazy Yiuf.
Reach: i) +0 spear
Press: ? - help, Dir - move target, f - Crazy Yiuf
Aim: Crazy Yiuf, wielding a +3 quarterstaff of chaos and wearing a +0 cloak (lightly wounded, ally target, about 36% to evade your +0 spear)
You could not reach far enough!
Your hound bites Crazy Yiuf.
Crazy Yiuf misses your hound.
Reach: i) +0 spear
Press: ? - help, Dir - move target, f/p - Crazy Yiuf
Aim: Crazy Yiuf, wielding a +3 quarterstaff of chaos and wearing a +0 cloak (moderately wounded, ally target, about 36% to evade your +0 spear)
You reach to attack!
You closely miss Crazy Yiuf.
Crazy Yiuf is moderately wounded.
Your hound bites Crazy Yiuf.
Crazy Yiuf screams, "Shadow toodlewoodle senile!"
Crazy Yiuf barely misses your hound.
Your hound bites Crazy Yiuf.
Reach: i) +0 spear
Press: ? - help, Dir - move target, f/p - Crazy Yiuf
Aim: Crazy Yiuf, wielding a +3 quarterstaff of chaos and wearing a +0 cloak (heavily wounded, ally target, about 36% to evade your +0 spear)
You reach to attack!
You hit Crazy Yiuf.
Crazy Yiuf is severely wounded.
Your hound bites Crazy Yiuf.
Crazy Yiuf hits your hound with a +3 quarterstaff of chaos!
Your hound dies!
Your hound's corpse disappears in a puff of smoke!
Reach: i) +0 spear
Press: ? - help, Dir - move target, f/p - Crazy Yiuf
Aim: Crazy Yiuf, wielding a +3 quarterstaff of chaos and wearing a +0 cloak (almost dead, about 36% to evade your +0 spear)
You reach to attack!
You hit Crazy Yiuf but do no damage.
Crazy Yiuf is almost dead.
You hit Crazy Yiuf but do no damage.
Crazy Yiuf is almost dead.
Crazy Yiuf hits you with a +3 quarterstaff of chaos!
You feel drained.
Casting: Call Canine Familiar (quite dangerous; 10% risk of failure)
Confirm with . or Enter, or press ? or * to list all spells.
The spell is quite dangerous to miscast (10% risk of failure)!
Continue anyway?
Crazy Yiuf hits you with a +3 quarterstaff of chaos!
Ouch! That really hurt!
You die...

####.# #.# .#.#.#
#.# .).#.# ###
.#.#.#####
.#.#.....#
.#.###..##### ###
##.# ##.....##
###..)# #.#
#......####gh...#
#.#
##......#.@##...#
#.# ##....#.###
### #.# ########
#.# #.# ##.# ..)#
##.# ###


You could see Crazy Yiuf (ally target) and a friendly hound (summoned).

Vanquished Creatures
  A worm (D:2)
  A ball python (D:1)
  A giant cockroach (D:1)
  2 goblins (D:3)
  A jackal (D:3)
  A quokka (D:1)
7 creatures vanquished.

Vanquished Creatures (collateral kills)
  2 dart slugs
  3 bats
  3 endoplasms
  6 goblins
  2 hobgoblins
  2 jackals (D:3)
  A quokka (D:1)
  A ball python (D:3)
  A frilled lizard (D:1)
  3 kobolds (D:1)
  3 rats (D:1)
27 creatures vanquished.

Grand Total: 34 creatures vanquished

Notes
Turn   | Place    | Note
-------+----------+-------------------------------------------
     0 | D:1      | themarg the Merfolk Summoner began the quest for the Orb.
     0 | D:1      | Reached XP level 1. HP: 13/13 MP: 3/3
   316 | D:1      | Reached XP level 2. HP: 19/19 MP: 1/5
  1213 | D:1      | Found a faded altar of an unknown god.
  1508 | D:2      | Reached XP level 3. HP: 24/24 MP: 3/6
  1536 | D:2      | Learned a level 3 spell: Call Canine Familiar
  1572 | D:2      | Found Tequm's Book Shop.
  1690 | D:2      | Found a burning altar of Makhleb.
  2540 | D:3      | Found a runed translucent door.
  2541 | D:3      | Noticed Crazy Yiuf
  2969 | D:3      | Slain by Crazy Yiuf

Illustrated notes

Levels and vault maps discovered:
D:1:      tarquinn_simple_flora_water_a, layout_basic,
          hellmonk_ecumenical_altar_crossroads
D:2:      layout_basic, serial_shops, nicolae_shop_advertising_works
          [nicolae_subvault_shop_adworks], serial_aquarium,
          aquarium_bridge_square [aquarium_subvault_bridge,
          aquarium_subvault_bridge, aquarium_subvault_bridge,
          aquarium_subvault_bridge], aquarium_window_corridor_1,
          aquarium_window_1, aquarium_window_1, aquarium_view_2b, basic_altar
D:3:      layout_basic, uniq_crazy_yiuf_cottage

Skill      XL: |  1  2 |
---------------+-------+-----
Dodging        | 3 |  3.4
Stealth        | |  2.9
Spellcasting   | |  2.4
Summonings     | |  4.3

Action                   || total
-------------------------++-------
Melee: Dagger            ||    22
       Spear             ||    22
       Punch             ||     1
 Cast: Summon Small Mamm ||    61
       Call Canine Famil ||     3
 Stab: Sleeping          ||     1
Armor: Robe              ||     4
Dodge: Dodged            ||    18
